 Dungeon Crawl Stone Soup version 0.20.2-3-g29329e0561 (webtiles) character file.

1393 Alfie the Cutter (level 8, -4/70 HPs)
             Began as a Hill Orc Fighter on Sept 18, 2023.
             Slain by an orc warrior
             ... wielding a +0 hand axe
              (19 damage)
             ... on level 6 of the Dungeon.
             The game lasted 00:11:18 (4271 turns).

Alfie the Cutter (Hill Orc Fighter)                 Turns: 4271, Time: 00:11:19

Health: -4/70      AC:  9    Str: 21    XL:     8   Next: 68%
Magic:  8/8        EV:  9    Int:  8    God:
Gold:   237        SH: 11    Dex: 10    Spells: 7/7 levels left

rFire    . . .     SeeInvis .   a - +0 rapier
rCold    . . .     Gourm    .   c - +1 shield
rNeg     . . .     Faith    .   b - +2 scale mail
rPois    .         Spirit   .   (no helmet)
rElec    .         Reflect  .   (no cloak)
rCorr    .         Harm     .   (no gloves)
MR       .....                  (no boots)
Stlth    ..........             (no amulet)
Regen    0.3/turn               (no ring)
MPRegen  0.2/turn               (no ring)

@: no status effects
A: no striking features
a: no special abilities


You were on level 6 of the Dungeon.
You were not hungry.

You visited 1 branch of the dungeon, and saw 6 of its levels.

You collected 325 gold pieces.
You spent 88 gold pieces at shops.

Inventory:

Hand Weapons
 a - a +0 rapier (weapon)
Missiles
 y - 5 tomahawks (quivered)
Armour
 b - a +2 scale mail (worn)
 c - a +1 shield (worn)
Scrolls
 e - 2 scrolls of identify
 h - a scroll of recharging {unknown}
 j - 3 scrolls of remove curse {unknown}
 k - 3 scrolls of noise {unknown}
 l - 3 scrolls of teleportation {unknown}
 r - a scroll of amnesia {unknown}
 s - a scroll of blinking {unknown}
 u - a scroll of random uselessness {unknown}
 v - a scroll of holy word {unknown}
 x - a scroll of magic mapping {unknown}
Potions
 f - a potion of lignification {unknown}
 g - 3 potions of mutation {unknown}
 m - 2 potions of agility {unknown}
 o - a potion of resistance {unknown}
 p - 3 potions of flight {unknown}
 q - a potion of degeneration {unknown}
 z - a potion of haste
Books
 d - a book of Necromancy

   Spells                             Type                      Level
   a - Pain                           Necromancy                   1
   b - Animate Skeleton               Necromancy                   1
   c - Vampiric Draining              Necromancy                   3
   d - Regeneration                   Charms/Necromancy            3
   e - Animate Dead                   Necromancy                   4
   f - Control Undead                 Necromancy                   4
 n - Jessica's Guide on Execration
   (You found it on level 3 of the Dungeon)

   Spells                             Type                      Level
   a - Slow                           Hexes                        2
Comestibles
 w - 3 meat rations


   Skills:
 + Level 6.0 Fighting
 + Level 7.0 Short Blades
 + Level 5.1 Armour
 + Level 2.1 Dodging
 + Level 0.1 Stealth
 + Level 6.2 Shields


You had 7 spell levels left.
You didn't know any spells.

Dungeon Overview and Level Annotations

Branches:
Dungeon (6/15)             Temple (0/1) D:5

Altars:
Fedhas
Gozag
Sif Muna

Shops:
D:4 !   D:5 (


Message History

* * * LOW HITPOINT WARNING * * *
You closely miss the orc warrior.
The orc warrior is lightly wounded.
You block the orc warrior's attack.
You hit the orc warrior.
The orc warrior is lightly wounded.
You hit the orc warrior.
The orc warrior is moderately wounded.
The orc warrior hits you with a hand axe!
* * * LOW HITPOINT WARNING * * *
You feel better.
The orc warrior hits you with a hand axe.
* * * LOW HITPOINT WARNING * * *
You closely miss the orc warrior.
The orc warrior is moderately wounded.
The orc warrior barely misses you.
You hit the orc warrior but do no damage.
The orc warrior is moderately wounded.
The orc warrior hits you with a hand axe!!
You die...

#.#.#.#.#####
#..# #.#
##.#.#.#.....#
#..# #.#
...#.#.#####.#
#..# #.#
.###.#.#
#.####..######.#
.....#.#
#.........(....#
.#####.#
#####..#########
.#
#.#########..#
.#
#..........).#
.#
###########@##
.# #o# .# #.# ##
#.# ..# ###


You could see an orc warrior.

Vanquished Creatures
  The ghost of Alfie the Skirmisher, an amateur HOFi (D:4)
  Eustachio (D:6)
  An orc warrior (D:6)
  A centaur (D:3)
  The ghost of Spriasoka the Sneak, an amateur SpAs of Okawaru (D:3)
  A bullfrog (D:6)
  2 scorpions
  A howler monkey (D:4)
  A crimson imp (D:5)
  4 orc priests
  2 hounds
  A bullfrog skeleton (D:6)
  An orc wizard (D:6)
  Jessica (D:3)
  An iguana (D:6)
  A worker ant (D:5)
  A hound zombie (D:6)
  A howler monkey skeleton (D:4)
  5 adders
  3 gnolls (D:4)
  A shadow imp (D:5)
  2 oozes
  An adder skeleton (D:5)
  3 worms
  2 dart slugs
  5 leopard geckos
  18 orcs
  8 bats
  3 giant cockroaches
  8 hobgoblins
  11 jackals
  7 kobolds
  6 quokkas
  2 ball pythons
  9 frilled lizards
  8 goblins
  8 rats
  A toadstool (D:1)
134 creatures vanquished.

Vanquished Creatures (others)
  4 toadstools (D:1)
4 creatures vanquished.

Grand Total: 138 creatures vanquished

Notes
Turn   | Place    | Note
-------+----------+-------------------------------------------
     0 | D:1      | Alfie the Hill Orc Fighter began the quest for the Orb.
     0 | D:1      | Reached XP level 1. HP: 19/19 MP: 1/1
   261 | D:1      | Reached XP level 2. HP: 27/27 MP: 2/2
   874 | D:2      | Reached XP level 3. HP: 32/33 MP: 3/3
  1158 | D:2      | Reached XP level 4. HP: 37/40 MP: 4/4
  1262 | D:2      | Reached skill level 3 in Short Blades
  1381 | D:2      | Found a faded altar of an unknown god.
  1664 | D:3      | Noticed Spriasoka's ghost (amateur SpAs)
  1671 | D:3      | Killed Spriasoka's ghost
  1671 | D:3      | Reached skill level 4 in Short Blades
  1671 | D:3      | Reached XP level 5. HP: 45/47 MP: 5/5
  1879 | D:3      | Noticed a centaur
  1894 | D:3      | Killed a centaur
  1894 | D:3      | Reached XP level 6. HP: 23/53 MP: 6/6
  1904 | D:3      | Noticed Jessica
  1917 | D:3      | Killed Jessica
  1923 | D:3      | Identified Jessica's Guide on Execration
  1963 | D:3      | Found a blossoming altar of Fedhas.
  2405 | D:4      | Noticed Alfie's ghost (amateur HOFi)
  2430 | D:4      | Killed Alfie's ghost
  2430 | D:4      | Reached skill level 5 in Fighting
  2430 | D:4      | Reached skill level 5 in Short Blades
  2430 | D:4      | Reached skill level 1 in Dodging
  2430 | D:4      | Reached skill level 5 in Shields
  2430 | D:4      | Reached XP level 7. HP: 30/61 MP: 7/7
  2595 | D:4      | Found a deep blue altar of Sif Muna.
  2647 | D:4      | Found Oguedak's Distillery.
  2663 | D:4      | Bought a potion of curing for 33 gold pieces
  2663 | D:4      | Bought a potion of heal wounds for 55 gold pieces
  2691 | D:4      | Reached skill level 6 in Short Blades
  2958 | D:5      | Entered Level 5 of the Dungeon
  3332 | D:5      | Reached XP level 8. HP: 69/69 MP: 8/8
  3485 | D:5      | Found a staircase to the Ecumenical Temple.
  3578 | D:5      | Found Louppo Docru's Antique Weapon Shoppe.
  3900 | D:6      | Found an opulent altar of Gozag.
  4103 | D:6      | Noticed Eustachio
  4115 | D:6      | Killed Eustachio
  4115 | D:6      | Reached skill level 7 in Short Blades
  4115 | D:6      | Reached skill level 5 in Armour
  4271 | D:6      | Slain by an orc warrior

Skill      XL: |  1  2  3  4  5  6  7  8 |
---------------+-------------------------+-----
Fighting       | 4 5 6 |  6.0
Short Blades   | 4 5 6 7 |  7.0
Shields        | 4 5 6 |  6.2
Dodging        | 1 2 |  2.1
Armour         | 4 5 |  5.1
Stealth        | |  0.1

Action                   |  1- 3 |  4- 6 |  7- 9 || total
-------------------------+-------+-------+-------++-------
Melee: Rapier            |   125 |   172 |   253 ||   550
  Use: Scroll            |       |     4 |       ||     4
       Potion            |       |     2 |     5 ||     7
  Eat: Fruit             |     1 |     2 |       ||     3
       Bread ration      |       |     1 |     1 ||     2
       Royal jelly       |       |       |     1 ||     1
Armor: Scale mail        |    45 |    47 |    45 ||   137
Dodge: Dodged            |    33 |    36 |    48 ||   117
Block: Shield            |    62 |    86 |   117 ||   265
